 Dungeon Crawl Stone Soup version 0.27-a0-1154-gfdeffcb720 (webtiles) character file.

Game seed: 12406832457739996810

37816 experimilk the Geomancer (level 13, -3/74 HPs)
             Began as a Gargoyle Earth Elementalist on May 15, 2021.
             Was a High Priest of Wu Jian.
             Slain by an eight-headed hydra (4 damage)
             ... on level 6 of the Lair of Beasts.
             The game lasted 01:22:41 (30824 turns).

experimilk the Geomancer (GrEE)                    Turns: 30824, Time: 01:22:41

Health: -3/74      AC: 17    Str: 12    XL:     13   Next: 99%
Magic:  3/26       EV: 14    Int: 26    God:    Wu Jian [*****.]
Gold:   976        SH:  0    Dex: 11    Spells: 15/30 levels left

rFire    . . .     SeeInvis .   n - +0 short sword (drain)
rCold    . . .     Faith    .   (no shield)
rNeg     + . .     Spirit   .   D - +0 troll leather armour
rPois    ∞         Reflect  .   Q - +0 helmet
rElec    +         Harm     .   (no cloak)
rCorr    .         Rampage  .   (no gloves)
Will     +....                  u - +1 pair of boots
Stlth    ++........             (no amulet)
HPRegen  1.22/turn              S - +6 ring of intelligence
MPRegen  0.20/turn              y - ring of willpower

@: serpent's lash
A: sickness immunity, AC +9, negative energy resistance 1, electricity
resistance, torment resistance 1, petrification resistance
a: Renounce Religion, Wall Jump, Serpent's Lash, Heavenly Storm


You were on level 6 of the Lair of Beasts.
You worshipped Wu Jian.
Wu Jian was extremely pleased with you.
You visited 2 branches of the dungeon, and saw 18 of its levels.

You collected 976 gold pieces.

Inventory:

Hand Weapons
 e - a +0 club
 k - a +1 dagger of venom
 n - a +0 short sword of draining (weapon)
 G - a +0 rapier
Missiles
 b - 420 stones
 M - 6 curare-tipped darts
Armour
 c - a +1 robe
 u - a +1 pair of boots (worn)
 D - a +0 troll leather armour (worn)
 F - a +2 robe of willpower
 Q - a +0 helmet (worn)
Magical Staves
 s - a staff of fire
Jewellery
 h - a +6 ring of dexterity
 i - a ring of see invisible
 q - a ring of protection from fire
 r - a ring of protection from cold
 t - a ring of flight
 y - a ring of willpower (right hand)
 S - a +6 ring of intelligence (left hand)
 T - a +6 ring of intelligence
Wands
 v - a wand of flame (69)
 w - a wand of polymorph (36)
 K - a wand of iceblast (5)
 U - a wand of mindburst (16)
 X - a wand of digging (3)
Scrolls
 g - 12 scrolls of teleportation
 j - a scroll of brand weapon
 o - a scroll of summoning
 p - 2 scrolls of blinking
 C - 2 scrolls of torment
 E - a scroll of immolation {unknown}
 H - a scroll of magic mapping
 I - a scroll of silence {unknown}
 J - a scroll of enchant weapon {unknown}
 L - 2 scrolls of fog {unknown}
 R - a scroll of amnesia {unknown}
 V - 2 scrolls of enchant armour
Potions
 a - 6 potions of curing
 d - a potion of ambrosia
 f - 2 potions of heal wounds
 l - a potion of mutation
 m - 4 potions of brilliance
 x - 2 potions of resistance
 z - a potion of haste
 A - a potion of attraction
 N - a potion of berserk rage
 O - 3 potions of might
 P - a potion of cancellation {unknown}
 W - a potion of invisibility {unknown}


   Skills:
 - Level 6.0 Fighting
 + Level 11.4 Short Blades
 - Level 3.0 Armour
 - Level 9.0 Dodging
 - Level 3.0 Stealth
 - Level 9.0 Spellcasting
 - Level 6.0 Conjurations
 - Level 6.0 Transmutations
 - Level 12.0 Earth Magic


You had 15 spell levels left.
You knew the following spells:

 Your Spells              Type           Power      Damage    Failure   Level
a - Sandblast             Erth           100%       2d20      1%          1
b - Passwall              Tmut/Erth      45%        N/A       1%          2
c - Stone Arrow           Conj/Erth      100%       3d13      1%          3
d - Petrify               Tmut/Erth      55%        N/A       1%          4
e - Lee's Rapid Deconstr  Erth           32%        3d18*     1%          5

Your spell library contained the following spells:

 Spells                   Type           Power      Damage    Failure   Level
 Foxfire                  Conj/Fire      100%       2x1d9     1%          1
 Sting                    Tmut/Pois      100%       1d8       1%          1
 Conjure Flame            Conj/Fire      27%        6-21      5%          3
 Animate Skeleton         Necr           22%        N/A       6%          1
 Pain                     Necr           44%        1d6       6%          1
 Summon Small Mammal      Summ           44%        N/A       6%          1
 Ignite Poison            Fire/Tmut/Pois 22%        N/A       9%          3
 Mephitic Cloud           Conj/Pois/Air  22%        N/A       9%          3
 Call Imp                 Summ           11%        N/A       10%         2
 Poisonous Vapours        Pois/Air       22%        N/A       10%         2
 Call Canine Familiar     Summ           11%        N/A       19%         3
 Inner Flame              Hex/Fire       11%        N/A       19%         3
 Summon Guardian Golem    Hex/Summ       11%        N/A       19%         3
 Vampiric Draining        Necr           5%         2d6       19%         3
 Sticky Flame             Conj/Fire      27%        2d5       19%         4
 Fireball                 Conj/Fire      13%        3d7       45%         5
 Yara's Violent Unravell  Hex/Tmut       13%        3d7       45%         5
 Animate Dead             Necr           5%         N/A       54%         4
 Cause Fear               Hex            5%         N/A       54%         4
 Olgreb's Toxic Radiance  Pois           11%        N/A       54%         4
 Summon Ice Beast         Ice/Summ       11%        N/A       54%         4
 Summon Lightning Spire   Summ/Air       11%        N/A       54%         4
 Agony                    Necr           11%        N/A       87%         5
 Silence                  Hex/Air        5%         N/A       87%         5
 Discord                  Hex            5%         N/A       100%        8


Dungeon Overview and Level Annotations

Branches:
Dungeon (12/15)            Temple (0/1) D:6            Lair (6/6) D:10
  Swamp (0/4) Lair:3       Spider (0/4) Lair:4        Slime (0/5) Lair:6
    Orc (0/2) D:11

Altars:
Cheibriados
Dithmenos
Elyvilon
Fedhas
Gozag
Hepliaklqana
Kikubaaqudgha
Nemelex Xobeh
Okawaru
Ru
Uskayaw
Wu Jian

Annotations:
Lair:1 1 runed translucent door, mdk's ghost, journeyman DECj


Innate Abilities, Weirdness & Mutations

You are immune to sickness and miasma.
Your stone body is resilient. (AC +9)
You are immune to poison.
You resist negative energy. (rN+)
You are resistant to electric shocks. (rElec)
You are resistant to unholy torment.
You are immune to petrification.


Message History

The eight-headed hydra is lightly wounded.
The eight-headed hydra bites you!
The eight-headed hydra completely misses you. x2
The eight-headed hydra barely misses you.
The eight-headed hydra bites you but does no damage.
The eight-headed hydra barely misses you. x2
The eight-headed hydra bites you but does no damage.
Okay, then.
Casting: Lee's Rapid Deconstruction (dangerous; 1% risk of failure)
Confirm with . or Enter, or press ? or * to list all spells.
Aiming: Passwall (safe; 1% risk of failure)
Press: ? - help, Dir - move target A rock wall.
The eight-headed hydra bites you but does no damage.
The eight-headed hydra misses you. The eight-headed hydra bites you!
The eight-headed hydra bites you but does no damage.
The eight-headed hydra bites you!
* * * LOW HITPOINT WARNING * * *
The eight-headed hydra bites you.
* * * LOW HITPOINT WARNING * * *
The eight-headed hydra bites you!
* * * LOW HITPOINT WARNING * * *
The eight-headed hydra misses you.
You begin to meditate on the wall.
You continue meditating on the rock.
The eight-headed hydra bites you.
* * * LOW HITPOINT WARNING * * *
The eight-headed hydra closely misses you. x2
The eight-headed hydra bites you but does no damage. x4
The eight-headed hydra misses you.
You continue meditating on the rock.
The eight-headed hydra completely misses you.
The eight-headed hydra bites you but does no damage. x2
The eight-headed hydra completely misses you.
The eight-headed hydra bites you.
* * * LOW HITPOINT WARNING * * *
The eight-headed hydra bites you.
* * * LOW HITPOINT WARNING * * *
The eight-headed hydra completely misses you.
The eight-headed hydra bites you.
You die...

,,,,,.........## *****,,,,,,*
,,,,,........#.# **,*+***
*,,,,......YY.## ***,,,,**
,,,,,.......Y## *****,,,,,,,*
,,,,,#..#..##.# **,*,,,,,,,***
,,,,,.......### *,,,,,,,****
,,,,,P..P#..D.## *,,,,****
,,,,,PP.####...###**,,*** *
,,,,,...,#...F.#@#,*,.* *
,,,,,#.,#.#..÷#D##....* *
,,,,*,,....#.†.†......# **
,,,,**................# **** *,
,,,,*,................#****,,***,
,,,**,,....####.#.#....,,,,,,,,,,
,,,**,,..##* ######...,,,,,,,,,,
,,,***,..* *,...,,,,,,,,,, ,***
**,,* *,,..,,,,****,*


You could see an eight-headed hydra (drained).

Vanquished Creatures
  7 hydras
  Erica (D:8)
  A two-headed ogre (D:11)
  4 death yaks (Lair:6)
  Nergalle (D:12)
  A fire crab (Lair:5)
  A deep elf pyromancer (D:8)
  A cyclops (D:12)
  4 black mambas
  An eye of devastation (Lair:6)
  11 cane toads
  2 unseen horrors (D:11)
  A kobold demonologist (D:12)
  Psyche (D:9)
  3 komodo dragons
  2 rime drakes
  3 polar bears
  4 slime creatures (D:12)
  3 trolls
  12 blink frogs
  A spriggan (Lair:6)
  A redback (Lair:4)
  4 wyverns
  A shadow (D:11)
  2 basilisks
  31 yaks
  A steam dragon (D:9)
  A warg (Lair:1)
  3 acid dragons
  8 water moccasins
  A black bear (Lair:3)
  6 orc warriors
  A sky beast (D:8)
  An ice beast (D:7)
  2 ogres
  9 centaurs
  43 wolves
  A phantom (D:5)
  4 kobold brigands
  13 bullfrogs
  A gnoll sergeant (D:6)
  5 scorpions
  A wyvern zombie (D:7)
  4 water moccasin skeletons
  10 killer bees
  4 howler monkeys
  An electric eel (D:9)
  A centaur zombie (D:8)
  5 orc priests
  5 hounds
  2 bullfrog skeletons (D:6)
  Natasha (thrice) (D:3)
  4 iguanas
  14 orc wizards
  6 hell rats (Lair:4)
  Robin (D:3)
  8 gnolls
  A howler monkey skeleton (D:7)
  4 adders
  A white imp (D:6)
  An ufetubus (D:5)
  3 worms
  6 dart slugs
  39 orcs
  9 endoplasms
  2 giant cockroaches
  16 goblins
  11 hobgoblins
  2 jackals (D:2)
  15 kobolds
  2 quokkas (D:1)
  4 ball pythons
  15 bats
  A frilled lizard (D:1)
  A quokka skeleton (D:4)
  6 rats
412 creatures vanquished.

Vanquished Creatures (others)
  30 fungi
  43 plants
73 creatures vanquished.

Grand Total: 485 creatures vanquished

Notes
Turn   | Place    | Note
-------+----------+-------------------------------------------
     0 | D:1      | experimilk the Gargoyle Earth Elementalist began the quest
                  | for the Orb.
     0 | D:1      | Reached XP level 1. HP: 10/10 MP: 3/3
   167 | D:1      | Reached skill level 1 in Transmutations
   187 | D:1      | Reached skill level 4 in Earth Magic
   187 | D:1      | Reached XP level 2. HP: 15/15 MP: 3/5
   549 | D:1      | Reached XP level 3. HP: 19/19 MP: 2/6
   586 | D:1      | Learned a level 2 spell: Passwall
   590 | D:1      | Learned a level 3 spell: Stone Arrow
  1261 | D:2      | Found an ornate altar of the Wu Jian Council.
  1288 | D:2      | Became a worshipper of the Wu Jian Council
  1784 | D:2      | Found a faded altar of an unknown god.
  1788 | D:2      | Reached XP level 4. HP: 24/24 MP: 5/7
  1853 | D:2      | Reached skill level 5 in Earth Magic
  2373 | D:3      | Found an ornate altar of the Wu Jian Council.
  2374 | D:3      | Found a hazy altar of Hepliaklqana.
  2584 | D:3      | Noticed Robin
  2620 | D:3      | Reached * piety under Wu Jian
  2626 | D:3      | Killed Robin
  2869 | D:3      | Noticed Natasha
  2873 | D:3      | Killed Natasha
  2874 | D:3      | Reached XP level 5. HP: 28/28 MP: 4/9
  2958 | D:3      | Noticed Natasha
  2966 | D:3      | Killed Natasha
  3141 | D:3      | Found a sparkling altar of Nemelex Xobeh.
  3142 | D:3      | Found an opulent altar of Gozag.
  3212 | D:3      | Noticed Natasha
  3217 | D:3      | Killed Natasha
  3275 | D:4      | Learned a level 4 spell: Petrify
  3361 | D:4      | Reached skill level 1 in Conjurations
  3361 | D:4      | Reached skill level 6 in Earth Magic
  3367 | D:4      | Reached XP level 6. HP: 23/32 MP: 2/10
  3597 | D:4      | Found a shadowy altar of Dithmenos.
  4050 | D:4      | Reached ** piety under Wu Jian
  4076 | D:4      | Found a hide-covered altar of Uskayaw.
  4077 | D:4      | Found an ancient bone altar of Kikubaaqudgha.
  4121 | D:4      | Found a sacrificial altar of Ru.
  4203 | D:5      | Entered Level 5 of the Dungeon
  4845 | D:5      | Reached XP level 7. HP: 36/36 MP: 10/12
  4918 | D:5      | Found a snail-covered altar of Cheibriados.
  5205 | D:5      | Reached skill level 5 in Conjurations
  5522 | D:5      | Reached XP level 8. HP: 41/41 MP: 7/14
  6133 | D:6      | Reached skill level 5 in Spellcasting
  7565 | D:6      | Reached skill level 1 in Fighting
  8154 | D:6      | Reached *** piety under Wu Jian
  8271 | D:6      | Found a staircase to the Ecumenical Temple.
  8653 | D:6      | Reached skill level 7 in Earth Magic
  9113 | D:6      | Found a blossoming altar of Fedhas.
  9349 | D:7      | Reached XP level 9. HP: 49/49 MP: 11/18
  9505 | D:7      | Reached skill level 8 in Earth Magic
  9603 | D:7      | Learned a level 5 spell: Lee's Rapid Deconstruction
 10538 | D:8      | Reached skill level 9 in Earth Magic
 11050 | D:8      | Noticed Erica
 11112 | D:8      | Found an iron altar of Okawaru.
 11196 | D:8      | Killed Erica
 11197 | D:8      | Reached XP level 10. HP: 44/56 MP: 4/19
 11397 | D:8      | Reached skill level 5 in Dodging
 11397 | D:8      | Reached skill level 5 in Transmutations
 11580 | D:8      | Noticed a deep elf pyromancer
 11600 | D:8      | Killed a deep elf pyromancer
 12196 | D:8      | Reached skill level 1 in Short Blades
 12553 | D:9      | Identified the +7 battleaxe of the Wheel {pain, rElec rPois
                  | rC+ Str-2}
 12567 | D:9      | Noticed Psyche
 12640 | D:9      | Reached skill level 1 in Armour
 12867 | D:9      | Noticed a two-headed ogre
 12964 | D:9      | Killed Psyche
 13119 | D:9      | Reached **** piety under Wu Jian
 14479 | D:9      | Found a white marble altar of Elyvilon.
 14485 | D:10     | Entered Level 10 of the Dungeon
 15460 | D:10     | Noticed a death yak
 15652 | D:11     | Reached XP level 11. HP: 42/62 MP: 6/20
 15741 | D:11     | Reached skill level 5 in Fighting
 15829 | D:11     | Found a staircase to the Orcish Mines.
 15896 | D:11     | Noticed a two-headed ogre
 15968 | D:11     | Noticed a five-headed hydra
 16052 | D:11     | Killed a five-headed hydra
 16053 | D:11     | Reached skill level 5 in Short Blades
 16402 | D:11     | Killed a two-headed ogre
 18859 | D:12     | Noticed a cyclops
 18878 | D:12     | Killed a cyclops
 19509 | D:12     | Noticed Nergalle
 19894 | D:12     | Killed Nergalle
 20167 | D:12     | Noticed a death knight
 20433 | D:10     | Noticed a death yak
 20433 | D:10     | Noticed a death yak
 20577 | D:10     | Found a staircase to the Lair.
 20589 | Lair:1   | Entered Level 1 of the Lair of Beasts
 20814 | Lair:1   | Noticed mdk's ghost (journeyman DECj)
 20912 | Lair:1   | Reached XP level 12. HP: 56/70 MP: 3/22
 21219 | Lair:1   | Found a runed translucent door.
 23141 | Lair:2   | Noticed an eight-headed hydra
 23195 | Lair:1   | Killed an eight-headed hydra
 24564 | Lair:2   | Noticed an eight-headed hydra
 24577 | Lair:2   | Killed an eight-headed hydra
 25619 | Lair:3   | Noticed a five-headed hydra
 25626 | Lair:3   | Killed a five-headed hydra
 25899 | Lair:3   | Found a staircase to the Swamp.
 26155 | Lair:3   | Noticed a five-headed hydra
 26168 | Lair:3   | Killed a five-headed hydra
 26482 | Lair:3   | Reached XP level 13. HP: 67/74 MP: 13/26
 27927 | Lair:4   | Found a hole to the Spider Nest.
 28273 | Lair:4   | Reached skill level 10 in Earth Magic
 29136 | Lair:5   | Reached skill level 11 in Earth Magic
 29153 | Lair:5   | Reached ***** piety under Wu Jian
 30275 | Lair:6   | Entered Level 6 of the Lair of Beasts
 30337 | Lair:6   | Found a staircase to the Slime Pits.
 30459 | Lair:6   | Reached skill level 10 in Short Blades
 30552 | Lair:6   | Reached skill level 12 in Earth Magic
 30823 | Lair:6   | HP: 3/74 [eight-headed hydra (5)]
 30824 | Lair:6   | HP: 1/74 [eight-headed hydra (3)]
 30824 | Lair:6   | Slain by an eight-headed hydra

Illustrated notes

Levels and vault maps discovered:
D:1:      dpeg_arrival_pits, layout_basic, minmay_hexomino_f4
D:2:      layout_basic, basic_altar, ebering_ecumenical_altar_box,
          serial_bayou_pond_c
D:3:      layout_rooms, grunt_temple_overflow_opulence,
          gammafunk_temple_overflow_statue, st_stairs_8, uniq_robin,
          uniq_natasha
D:4:      layout_loops_ring, nicolae_overflow_hidden_temple, minitemple,
          nicolae_dithmenos_through_a_glass_darkly,
          minmay_misc_feat_four_crosses
D:5:      layout_gridville, old_standard_altar, serial_rivers,
          chequers_serial_rivers_small_a, chequers_serial_rivers_small_a,
          chequers_serial_rivers_small_3, chequers_serial_rivers_marsh,
          grunt_decor_one_mirror
D:6:      layout_rooms, fedhas_altar_fruit_tree, temple_statues
D:7:      layout_loops_corners
D:8:      layout_basic, okawaru_metal_pillars_3, guppyfry_early_elven_hall,
          uniq_erica
D:9:      layout_roguey, nicolae_elyvilon_temple_path, uniq_psyche
D:10:     layout_irregular_city, dpeg_lair_monsters
D:11:     layout_stronghold, orc_0_dummy, serial_column_ruins,
          column_ruins_grid_5, column_ruins_columns_corner,
          column_ruins_open_small, column_ruins_grid_3, column_ruins_open_tiny,
          column_ruins_columns_T, column_ruins_open_tiny, column_ruins_grid_1
D:12:     layout_basic, uniq_nergalle
Lair:1:   beast_lair_carwin_large_1, layout_hall_layers,
          hellmonk_ghost_happy_afterlife
Lair:2:   layout_cave_pods, infiniplex_staircase_pool
Lair:3:   layout_cave_pods, swamp_mist
Lair:4:   layout_layer_cave, spider_nest_entry_webs
Lair:5:   layout_cave_pods, hangedman_lair_unloving_vines,
          grunt_forest_large_clearings
Lair:6:   minmay_lair_end_enchanted_forest, layout_gridlike,
          minmay_slime_entry_eyes, special_room [special_room_mythical_zoo],
          gauntlet_entry_generic, infiniplex_staircase_pool_2,
          grunt_megastairs_1

Skill      XL: |  1  2  3  4  5  6  7  8  9 10 11 12 13 |
---------------+----------------------------------------+-----
Transmutations | 1 2 3 4 6 |  6.0
Earth Magic    | 4 5 6 7 9 12 | 12.0
Spellcasting   | 3 4 6 7 9 |  9.0
Conjurations   | 1 3 5 6 |  6.0
Fighting       | 2 3 4 6 |  6.0
Dodging        | 2 4 6 9 |  9.0
Short Blades   | 4 7 9 11 | 11.4
Armour         | 3 |  3.0
Stealth        | 3 |  3.0

Action                   |  1- 3 |  4- 6 |  7- 9 | 10-12 | 13-15 || total
-------------------------+-------+-------+-------+-------+-------++-------
Melee: Club              |     6 |       |       |       |       ||     6
       Dagger            |     5 |    35 |    42 |       |       ||    82
       Short sword       |       |       |    31 |   397 |   578 ||  1006
 Cast: Sandblast         |    48 |    73 |    19 |     4 |       ||   144
       Stone Arrow       |       |     3 |   113 |   206 |    58 ||   380
       Lee's Rapid Decon |       |       |     3 |    47 |    22 ||    72
       Petrify           |       |       |       |    29 |       ||    29
       Passwall          |       |       |       |     1 |     2 ||     3
Invok: Lunge             |     2 |    19 |    15 |    30 |     3 ||    69
       Whirlwind         |       |     5 |    28 |    87 |    10 ||   130
       Serpent's Lash    |       |       |       |     6 |     1 ||     7
 Abil: Wall Jump         |       |       |       |    11 |     1 ||    12
Evoke: Wand              |       |       |       |     2 |     8 ||    10
  Use: Scroll            |       |     8 |     3 |     9 |     6 ||    26
       Potion            |       |     1 |       |     4 |     1 ||     6
 Stab: Sleeping          |     1 |       |       |       |       ||     1
       Petrified         |       |       |       |    27 |       ||    27
Armor: Robe              |    13 |    24 |    35 |    76 |       ||   148
       Skin              |       |       |       |    56 |       ||    56
       Troll leather arm |       |       |       |    91 |   151 ||   242
Dodge: Dodged            |    19 |    23 |    62 |   316 |   262 ||   682

Table legend: (Time is in decaauts)
 A = Elapsed time spent in this place.
 B = Non-inter-level travel time spent in this place.
 C = Inter-level travel time spent in this place.
 D = Time resting spent in this place.
 E = Time spent auto-exploring this place.
 F = Levels seen in this place.
 G = Mean time per level.
                   A        B        C        D        E       F      G
               +--------+--------+--------+--------+--------+-----+--------+
         Total |  30572 |  29728 |    844 |  15409 |   9266 |  18 | 1698.4 |
       Dungeon |  20656 |  20094 |    562 |  11032 |   5653 |  12 | 1721.3 |
          Lair |   9915 |   9633 |    282 |   4377 |   3612 |   6 | 1652.5 |
               +--------+--------+--------+--------+--------+-----+--------+

Top non-repeatable levels by time:
     D:5: 3335 daAuts
    D:12: 2788 daAuts
  Lair:1: 2727 daAuts
  Lair:3: 2238 daAuts
     D:9: 2170 daAuts
     D:8: 2153 daAuts
    D:11: 1749 daAuts
  Lair:5: 1739 daAuts
  Lair:4: 1577 daAuts
     D:4: 1357 daAuts
  Lair:2: 1342 daAuts
    D:10: 1285 daAuts
     D:7: 1276 daAuts
     D:6: 1257 daAuts
     D:2: 1141 daAuts
